 Dungeon Crawl Stone Soup version 0.31-a0-1338-gb567cfdca4 (webtiles) character file.

Game seed: 9171474882742800824

26 IdlyInterested the Changeling (level 2, 0/21 HPs)
             Began as a Demonspawn Shapeshifter on Dec 21, 2023.
             Slain by a quokka (1 damage)
             ... on level 2 of the Dungeon.
             The game lasted 00:02:26 (898 turns).

IdlyInterested the Changeling (DsSh)                 Turns: 898, Time: 00:02:27

Health: 0/21       AC:  2    Str: 14    XL:     2   Next: 89%
Magic:  2/2        EV: 12    Int: 10    God:
Gold:   81         SH:  4    Dex: 18    Spells: 1/1 levels left

rFire   . .          .
                       - Unarmed
rCold   . . .        (no shield)
rNeg    . . .        a - +0 animal skin
rPois   .            e - melded +2 hat
rElec   .            (cloak currently unavailable)
rCorr   .            (gloves currently unavailable)
SInv    .            (boots currently unavailable)
Will    .....        (no amulet)
Stlth   ++           k - +6 ring of dexterity
HPRegen 0.23/turn    (no ring)
MPRegen 0.08/turn

%: no passive effects
@: beast-form
A: beast (slay +1), condensation shield
a: Begin Untransformation


You were on level 2 of the Dungeon.
You were a hulking beast.
You visited 1 branch of the dungeon, and saw 2 of its levels.

You collected 81 gold pieces.

Inventory:

Hand Weapons
 f - a +0 hand axe
Missiles
 h - 15 stones (quivered)
Armour
 a - a +0 animal skin (worn)
 e - a +2 hat (melded)
Jewellery
 k - a +6 ring of dexterity (left hand)
Talismans
 c - a beast talisman (active)
 d - a flux talisman
Scrolls
 i - a scroll of vulnerability {unknown}
 j - a scroll of fear {unknown}
 l - a scroll of teleportation {unknown}
Potions
 b - 2 potions of lignification
 g - a potion of heal wounds {unknown}
 m - a potion of attraction {unknown}


   Skills:
 + Level 1.2 Fighting
 - Level 1.7 Dodging
 - Level 3.0 Unarmed Combat
 * Level 3.3 Shapeshifting


You had one spell level left.
You didn't know any spells.
Your spell library was empty.

Dungeon Overview and Level Annotations

Branches:
Dungeon (2/15)

Altars:


Innate Abilities, Weirdness & Mutations

You are a hulking beast.
Your limbs bulge with bestial killing power. (Slay +1)
A meltable shield of frost defends you. (SH +4)


Message History

You see here a viscous blue potion.
m - a viscous blue potion The frilled lizard hisses angrily.
A quokka comes into view.
The frilled lizard hisses.
The ball python hisses angrily.
The frilled lizard bites you but does no damage.
You closely miss the frilled lizard.
The ball python bites you but does no damage.
The ball python grabs you. The ball python constricts you.
The frilled lizard barely misses you.
You closely miss the frilled lizard. The ball python barely misses you.
The ball python constricts you. The frilled lizard bites you.
You block the ball python's attack. The ball python constricts you.
You closely miss the frilled lizard. You block the frilled lizard's attack.
The ball python closely misses you. The ball python constricts you.
You miss the frilled lizard. The quokka barely misses you.
The ball python barely misses you. The ball python constricts you.
You block the frilled lizard's attack.
You hit the frilled lizard.
The frilled lizard is heavily wounded.
The quokka bites you. You block the ball python's attack.
The ball python constricts you. The frilled lizard bites you.
You closely miss the frilled lizard.
The frilled lizard is heavily wounded.
The quokka bites you.
The ball python bites you but does no damage.
The ball python constricts you. The frilled lizard bites you.
You block the quokka's attack.
You hit the frilled lizard.
You kill the frilled lizard!
The ball python completely misses you. The ball python constricts you.
The quokka bites you.
* * * LOW HITPOINT WARNING * * *
You block the ball python's attack. The ball python constricts you.
* * * LOW HITPOINT WARNING * * *
You hit the ball python.
You kill the ball python!
The quokka bites you.
You die...

######..### ...#......#
... †..#.#..#.# #...
#..#+#..#.# .....
#.......#.######## .....
#......................#
.....[.##.########....⌠#
#......#.........r...#
......#........h....+
......#.........†...# .
.....+########....⌠#
###.. .....# #8.. .....
##b. ..... #.. .... ####


You could see a quokka.

Vanquished Creatures
  A dart slug (D:1)
  3 ball pythons
  2 bats (D:1)
  3 endoplasms (D:1)
  A goblin (D:1)
  4 hobgoblins
  A quokka (D:1)
  3 frilled lizards
  5 rats
23 creatures vanquished.

Notes
Turn   | Place    | Note
-------+----------+-------------------------------------------
     0 | D:1      | IdlyInterested the Demonspawn Shapeshifter began the quest
                  | for the Orb.
     0 | D:1      | Reached XP level 1. HP: 15/15 MP: 1/1
   288 | D:1      | Gained mutation: A meltable shield of frost defends you.
                  | (SH +4) [demonic ancestry]
   288 | D:1      | Reached XP level 2. HP: 21/21 MP: 2/2
   897 | D:2      | HP: 1/21 [constriction (1)]
   898 | D:2      | Slain by a quokka

Illustrated notes

Levels and vault maps discovered:
D:1:      dpeg_arrival_solitude, layout_loops_cross, hangedman_feature_mirror,
          chequers_serial_rivers_small_3, minmay_shallow_snake_nest
D:2:      layout_basic, basic_altar, chequers_ecumenical_altar_simple,
          serial_corexii_hall, corexii_hall_statues_x, corexii_hall_statues_i,
          chequers_hall_statues_y, corexii_hall_statues_x,
          corexii_hall_statues_t, chequers_hall_statues_corner_a, serial_shops,
          shop_scrolls, shop, nicolae_shop_tiny_statue_garden,
          nicolae_shop_tiny_statue_garden, nicolae_shop_real_fake_doors,
          uniq_sigmund

Skill      XL: |  1  2 |
---------------+-------+-----
Shapeshifting  | 3 |  3.3
Unarmed Combat | 3 |  3.0
Fighting       | |  1.2
Dodging        | |  1.7

Action                     || total
---------------------------++-------
  Melee: Unarmed           ||    71
   Stab: Sleeping          ||     1
 Armour: Animal skin       ||    28
  Dodge: Dodged            ||    37
  Block: Other             ||    14
   Form: Beast             ||     2
                           ||     1

Table legend: (Time is in decaauts)
 A = Elapsed time spent in this place.
 B = Non-inter-level travel time spent in this place.
 C = Inter-level travel time spent in this place.
 D = Time resting spent in this place.
 E = Time spent auto-exploring this place.
 F = Levels seen in this place.
 G = Mean time per level.
                   A        B        C        D        E       F      G
               +--------+--------+--------+--------+--------+-----+--------+
         Total |    899 |    873 |     26 |     86 |    567 |   2 |  449.5 |
       Dungeon |    899 |    873 |     26 |     86 |    567 |   2 |  449.5 |
               +--------+--------+--------+--------+--------+-----+--------+

Top non-repeatable levels by time:
     D:1: 768 daAuts
     D:2: 131 daAuts
